 Dungeon Crawl Stone Soup version 0.29.1-2-gbd0b4ee654 (webtiles) character file.

Game seed: 3501672977255638803

13288 adizb the Grappler (level 11, -15/107 HPs)
             Began as a Troll Gladiator on Oct 25, 2022.
             Was the Champion of Okawaru.
             Killed from afar by a balrug (17 damage)
             ... with a fireball
             ... on level 6 of the Abyss.
             The game lasted 00:54:26 (7463 turns).

adizb the Grappler (Troll Gladiator)                Turns: 7463, Time: 00:54:26

Health: -15/107    AC: 17    Str: 24    XL:     11   Next: 73%
Magic:  10/10      EV: 14    Int: 11    God:    Okawaru [******]
Gold:   1568       SH:  0    Dex: 13    Spells: 10/10 levels left

rFire   + . .      SeeInvis .     - Unarmed
rCold   . . .      Faith    .   (no shield)
rNeg    + . .      Spirit   .   E - +7 pearl dragon scales of Fieni {rN+ Str-4 Int+7}
rPois   .          Reflect  .   L - +2 hat {Stlth+}
rElec   .          Harm     .   G - +0 cloak
rCorr   .          Rampage  .   (gloves unavailable)
Will    .....                   (boots unavailable)
Stlth   +.........              (no amulet)
HPRegen 0.00/turn               l - +6 ring of dexterity
MPRegen 0.12/turn               A - +4 ring of evasion

@: on berserk cooldown, sick, slowed, studying Unarmed Combat, unable to drink,
very slow
A: large, unfitting armour, claws 3, regeneration 1, shaggy fur 1, tough skin 1,
fire resistance 1, inability to drink after injury 1, [clumsy 2], [deformed
body], [deterioration 2], [low MP 2]
a: Renounce Religion, Heroism, Finesse, Duel


You were on level 6 of the Abyss.
You worshipped Okawaru.
Okawaru was exalted by your worship.
You visited 1 branch of the dungeon, and saw 11 of its levels.
You visited the Abyss 1 time.

You collected 1568 gold pieces.

Inventory:

Missiles
 c - 4 throwing nets
 d - a large rock
 f - 3 boomerangs of dispersal
 p - 2 silver javelins
 y - 29 poisoned darts (quivered)
 K - 3 javelins
Armour
 m - +0 fire dragon scales
 z - a +2 robe of positive energy
 E - the +7 pearl dragon scales of Fieni (worn) {rN+ Str-4 Int+7}
   (You acquired it on level 11 of the Dungeon)

   Str:       It affects your strength (-4).
   Int:       It affects your intelligence (+7).
   rN:        It protects you from negative energy.
 G - a +0 cloak (worn)
 L - a +2 hat of stealth (worn)
Jewellery
 e - a ring of ice
 h - a ring of flight
 j - a ring of willpower
 l - a +6 ring of dexterity (left claw)
 A - a +4 ring of evasion (right claw)
 D - a ring of protection from fire
Wands
 w - a wand of iceblast (16)
 C - a wand of digging (1)
 I - a wand of flame (9)
Scrolls
 b - a scroll of brand weapon
 g - 3 scrolls of teleportation
 o - a scroll of enchant weapon
 u - 2 scrolls of amnesia
 x - 2 scrolls of magic mapping
 M - a scroll of vulnerability
Potions
 a - a potion of berserk rage
 i - 3 potions of lignification
 k - a potion of cancellation {unknown}
 n - a potion of brilliance
 s - 4 potions of magic
 v - 3 potions of haste
 B - a potion of might {unknown}


   Skills:
 + Level 6.9 Fighting
 + Level 7.6 Throwing
 + Level 7.1 Dodging
 * Level 12.6 Unarmed Combat
 - Level 2.0 Ice Magic
 + Level 5.2 Invocations


You had 10 spell levels left.
You didn't know any spells.
Your spell library contained the following spells:

 Spells                   Type           Power      Damage    Failure   Level
 Ozocubu's Armour         Ice            4%         N/A       83%         3
 Statue Form              Tmut/Erth      0%         N/A       100%        6


Dungeon Overview and Level Annotations

Branches:
Dungeon (11/15)            Temple (0/1) D:6            Lair (0/5) D:11
    Orc (0/2) D:11

Altars:
Cheibriados
Elyvilon
Fedhas
Gozag
Okawaru
Sif Muna
Trog
Yredelemnul
Zin

Annotations:
D:11 Sonja


Innate Abilities, Weirdness & Mutations

You are too large for most types of armour.
You have claws for hands.
Your natural rate of healing is unusually fast.
You are covered in fur. (AC +1)
You have tough skin. (AC +1)
Your flesh is heat resistant. (rF+)
You occasionally lose the ability to drink potions when taking damage.
[You are very clumsy. (Dex -4)]
[Armour fits poorly on your strangely shaped body.]
[Your body often deteriorates upon taking damage.]
[Your magical capacity is very low. (-20% MP)]


Message History

Okay, then.
As you read the scroll of fear, it crumbles to dust.
You assume a fearsome visage.
The ancient zyme is unaffected.
The wretched star is unaffected.
The balrug resists with almost no effort.
The sun demon looks frightened!
You feel ill.
Cornered, the sun demon turns to fight!
The wretched star pulses with an eldritch light!
You feel clumsy. x2
The sun demon misses you.
You feel ill.
The wretched star pulses with an eldritch light!
You feel yourself wasting away.
You feel your body start to fall apart.
You feel less energetic. x2
The balrug gestures at you. Something smites you!
* * * LOW HITPOINT WARNING * * *
You feel ill.
Okay, then.
Okay, then.
You feel better. The sun demon barely misses you.
The sun demon hits you but does no damage.
The balrug gestures at you.
The fireball explodes!
The fireball engulfs the sun demon.
The sun demon completely resists.
The fireball engulfs you. You resist.
* * * LOW HITPOINT WARNING * * *
The fireball engulfs the balrug.
The balrug completely resists.
You hear a roar!
You hear a hideous shriek!
You hear a roar! x2
You hear a bark!
You hear a shout!
You hear a roar!
You hear a bark!
You hear a roar!
A thrashing horror comes into view.
The balrug gestures at you.
The bolt of fire misses the sun demon.
The bolt of fire hits you! You resist.
* * * LOW HITPOINT WARNING * * *
The sun demon completely misses you. The balrug gestures at you.
The fireball explodes!
The fireball engulfs the sun demon.
The sun demon completely resists.
The fireball engulfs you! You resist.
You feel threatened and lose the ability to drink potions!
You die...

... .. .#... ....#
# . .... #.#.X.
.....X. .. ##
#.....3.### #.##..
###......23 ...
.....X# #.# ..
.......
#...###.#..X.3#...
.. #@3.2#.. ### ..
.. #.#..#*x3.. .
... ....####..###X
###..
#.#......#.#.#.#X
#.. #...##
.#..#...X #...#
§§#§.#.# .
...#..##..# (#§t..
# #.# .#. #. .#..
#.## ##.# # .# .


You could see a balrug, a wretched star, 2 sun demons, an ancient zyme, an
apocalypse crab, a thrashing horror and a +3 vorpal dire flail.

Vanquished Creatures
  Erica (D:11)
  2 two-headed ogres
  5 thrashing horrors (Abyss:6)
  A wretched star (Abyss:1)
  Pikel (D:5)
  A smoke demon (Abyss:2)
  A komodo dragon (D:11)
  An unseen horror (D:10)
  Grinder (D:3)
  Sigmund (D:6)
  A wyvern (D:9)
  9 yaks
  A wraith (D:11)
  A chaos spawn (Abyss:1)
  3 vampire mosquitoes (D:11)
  Menkaure (D:5)
  Edmund (D:5)
  An acid dragon (D:7)
  3 water moccasins
  3 ice beasts
  2 sky beasts (D:6)
  3 ogres
  4 centaurs
  3 phantoms
  2 kobold brigands
  4 bullfrogs
  2 gnoll sergeants
  3 scorpions
  4 wights
  10 killer bees
  3 howler monkeys (D:9)
  5 hounds
  5 orc priests
  2 jellies
  Terence (D:2)
  Jessica (D:3)
  Natasha (thrice) (D:3)
  8 iguanas
  8 orc wizards
  Robin (D:4)
  10 gnolls
  6 adders
  A shadow imp (D:5)
  2 white imps
  2 ufetubi
  A worm (D:4)
  7 dart slugs
  26 orcs
  2 ball pythons (D:1)
  6 bats
  7 endoplasms
  3 giant cockroaches
  18 goblins
  10 hobgoblins
  4 quokkas
  A frilled lizard (D:2)
  15 kobolds
  7 rats
241 creatures vanquished.

Vanquished Creatures (others)
  2 lurking horrors
  8 plants (D:11)
10 creatures vanquished.

Grand Total: 251 creatures vanquished

Notes
Turn   | Place    | Note
-------+----------+-------------------------------------------
     0 | D:1      | adizb the Troll Gladiator began the quest for the Orb.
     0 | D:1      | Reached XP level 1. HP: 19/19 MP: 0/0
   197 | D:1      | Reached XP level 2. HP: 28/28 MP: 1/1
   700 | D:1      | Found a faded altar of an unknown god.
   721 | D:1      | Prayed at the altar of an unknown god.
   721 | D:1      | Became a worshipper of Sif Muna the Loreminder
   721 | D:1      | Reached * piety under Sif Muna
   728 | D:1      | Fell from the grace of Sif Muna
   797 | D:1      | Reached XP level 3. HP: 35/35 MP: 2/2
   987 | D:2      | Noticed Terence
   998 | D:2      | Killed Terence
  1009 | D:2      | Reached XP level 4. HP: 38/42 MP: 3/3
  1364 | D:3      | Noticed Grinder
  1375 | D:3      | Killed Grinder
  1376 | D:3      | Reached skill level 4 in Unarmed Combat
  1376 | D:3      | Reached XP level 5. HP: 11/50 MP: 4/4
  1376 | D:3      | Reached XP level 6. HP: 13/59 MP: 5/5
  1595 | D:3      | Noticed Natasha
  1599 | D:3      | Killed Natasha
  1638 | D:3      | Reached skill level 5 in Unarmed Combat
  1684 | D:3      | Noticed Jessica
  1692 | D:3      | Killed Jessica
  1918 | D:3      | Noticed Natasha
  1931 | D:3      | Killed Natasha
  2055 | D:3      | Noticed Natasha
  2058 | D:3      | Killed Natasha
  2229 | D:4      | Reached XP level 7. HP: 60/67 MP: 4/6
  2250 | D:4      | Found a blossoming altar of Fedhas.
  2255 | D:4      | Found an iron altar of Okawaru.
  2266 | D:4      | Found a basalt altar of Yredelemnul.
  2271 | D:4      | Found a white marble altar of Elyvilon.
  2283 | D:4      | Became a worshipper of Warmaster Okawaru
  2333 | D:4      | Noticed Robin
  2356 | D:4      | Killed Robin
  2377 | D:4      | Reached skill level 6 in Unarmed Combat
  2553 | D:4      | Reached * piety under Okawaru
  2663 | D:4      | Reached XP level 8. HP: 53/78 MP: 7/7
  2719 | D:5      | Entered Level 5 of the Dungeon
  2795 | D:5      | Reached skill level 7 in Unarmed Combat
  2813 | D:5      | Identified the +10 chain mail of Hedge Wizardry {rCorr
                  | Dex+3 SInv}
  2864 | D:5      | Noticed Edmund
  2879 | D:5      | Killed Edmund
  2879 | D:5      | Reached ** piety under Okawaru
  3025 | D:5      | Noticed Pikel
  3035 | D:5      | Killed Pikel
  3036 | D:5      | Reached skill level 5 in Throwing
  3036 | D:5      | Reached skill level 5 in Dodging
  3036 | D:5      | Reached skill level 8 in Unarmed Combat
  3036 | D:5      | Reached XP level 9. HP: 74/85 MP: 8/8
  3077 | D:5      | Noticed Menkaure
  3085 | D:5      | Killed Menkaure
  3085 | D:5      | Reached *** piety under Okawaru
  3129 | D:5      | Identified the +0 pair of boots "Zouker" {rC+ Int+4}
  3313 | D:6      | Reached skill level 1 in Invocations
  3326 | D:6      | Reached skill level 5 in Fighting
  3490 | D:6      | Got Sif Muna's Folio of the Caves and the Chill
  3542 | D:6      | Noticed Sigmund
  3551 | D:6      | Killed Sigmund
  3661 | D:6      | Found a staircase to the Ecumenical Temple.
  3828 | D:6      | Reached skill level 9 in Unarmed Combat
  3946 | D:7      | Reached skill level 1 in Ice Magic
  3992 | D:7      | Reached **** piety under Okawaru
  4541 | D:7      | Reached XP level 10. HP: 86/96 MP: 10/10
  4671 | D:8      | Received a gift from Okawaru
  4705 | D:8      | Found an opulent altar of Gozag.
  4733 | D:8      | Gained mutation: You are frail. (-10% HP) [potion of
                  | mutation]
  4733 | D:8      | Gained mutation: You are partially covered in iridescent
                  | scales. (AC +2) [potion of mutation]
  4734 | D:8      | Lost mutation: You are partially covered in iridescent
                  | scales. (AC +2) [potion of mutation]
  4734 | D:8      | Lost mutation: You are frail. (-10% HP) [potion of
                  | mutation]
  4734 | D:8      | Gained mutation: Your movements are slightly less
                  | encumbered by armour. (ER -2) [potion of mutation]
  4734 | D:8      | Gained mutation: You passively map a small area around you.
                  | [potion of mutation]
  4734 | D:8      | Gained mutation: You are weak. (Str -2) [potion of
                  | mutation]
  4735 | D:8      | Lost mutation: You are weak. (Str -2) [potion of mutation]
  4735 | D:8      | Lost mutation: You passively map a small area around you.
                  | [potion of mutation]
  4735 | D:8      | Lost mutation: Your movements are slightly less encumbered
                  | by armour. (ER -2) [potion of mutation]
  4735 | D:8      | Gained mutation: You have a pair of small horns on your
                  | head. [potion of mutation]
  4735 | D:8      | Lost mutation: You have a pair of small horns on your head.
                  | [potion of mutation]
  4735 | D:8      | Gained mutation: You are strong-willed. (Will+) [potion of
                  | mutation]
  4750 | D:8      | Found a glowing silver altar of Zin.
  4963 | D:8      | Found a bloodstained altar of Trog.
  5128 | D:8      | Found a snail-covered altar of Cheibriados.
  5227 | D:9      | Lost mutation: You are strong-willed. (Will+) [potion of
                  | mutation]
  5227 | D:9      | Gained mutation: You are weak. (Str -2) [potion of
                  | mutation]
  5227 | D:9      | Gained mutation: You are covered in thick fur. (AC +2)
                  | [potion of mutation]
  5228 | D:9      | Lost mutation: You are covered in thick fur. (AC +2)
                  | [potion of mutation]
  5228 | D:9      | Lost mutation: You are weak. (Str -2) [potion of mutation]
  5228 | D:9      | Gained mutation: You occasionally lose the ability to drink
                  | potions when taking damage. [potion of mutation]
  5228 | D:9      | Gained mutation: Your flesh is heat resistant. (rF+)
                  | [potion of mutation]
  6102 | D:10     | Entered Level 10 of the Dungeon
  6152 | D:10     | Noticed a two-headed ogre
  6169 | D:11     | Found a staircase to the Orcish Mines.
  6187 | D:10     | Noticed a rakshasa
  6187 | D:10     | Noticed a six-headed hydra
  6188 | D:10     | Noticed a two-headed ogre
  6302 | D:10     | Reached ***** piety under Okawaru
  6320 | D:10     | Reached skill level 10 in Unarmed Combat
  6335 | D:10     | Killed a two-headed ogre
  6635 | D:11     | Noticed a two-headed ogre
  6647 | D:11     | Killed a two-headed ogre
  6647 | D:11     | Received a gift from Okawaru
  6731 | D:11     | Reached XP level 11. HP: 105/105 MP: 13/13
  6752 | D:11     | Found a staircase to the Lair.
  6778 | D:11     | Identified 3 scrolls of acquirement
  6784 | D:11     | Acquired a manual of Unarmed Combat
  6786 | D:11     | Acquired 1113 gold pieces
  6788 | D:11     | Acquired the +7 pearl dragon scales of Fieni {rN+ Str-4
                  | Int+7}
  6857 | D:11     | Noticed Erica
  6879 | D:11     | Killed Erica
  6880 | D:11     | Reached skill level 11 in Unarmed Combat
  6995 | D:11     | Noticed Sonja
  7024 | Abyss:1  | Cast into level 1 of the Abyss (Sonja)
  7055 | Abyss:1  | Noticed an ophan
  7125 | Abyss:1  | Noticed a merfolk aquamancer
  7149 | Abyss:1  | Noticed a merfolk aquamancer
  7156 | Abyss:1  | Noticed a great orb of eyes
  7160 | Abyss:1  | Noticed a merfolk aquamancer
  7170 | Abyss:1  | Noticed a wretched star
  7199 | Abyss:1  | Was forgiven by Sif Muna
  7213 | Abyss:1  | Found a corrupted altar of Lugonu.
  7230 | Abyss:1  | Noticed a wretched star
  7256 | Abyss:1  | Killed a wretched star
  7258 | Abyss:1  | Noticed a tentacled starspawn
  7352 | Abyss:2  | Noticed a deep elf elementalist
  7398 | Abyss:4  | Found a corrupted altar of Lugonu.
  7412 | Abyss:5  | Noticed a dread lich
  7424 | Abyss:6  | Noticed a thrashing horror
  7424 | Abyss:6  | Noticed a thrashing horror
  7424 | Abyss:6  | Noticed a thrashing horror
  7424 | Abyss:6  | Noticed a thrashing horror
  7424 | Abyss:6  | Noticed a thrashing horror
  7425 | Abyss:6  | Noticed a thrashing horror
  7431 | Abyss:6  | Noticed a sun demon
  7443 | Abyss:6  | Killed a thrashing horror
  7448 | Abyss:6  | Noticed a sun demon
  7448 | Abyss:6  | Noticed a balrug
  7450 | Abyss:6  | Killed a thrashing horror
  7451 | Abyss:6  | Reached skill level 12 in Unarmed Combat
  7451 | Abyss:6  | Reached skill level 5 in Invocations
  7453 | Abyss:6  | Killed a thrashing horror
  7454 | Abyss:6  | Killed a thrashing horror
  7454 | Abyss:6  | Reached ****** piety under Okawaru
  7456 | Abyss:6  | Killed a thrashing horror
  7456 | Abyss:6  | Received a gift from Okawaru
  7458 | Abyss:6  | Noticed a wretched star
  7463 | Abyss:6  | Noticed a +3 vorpal dire flail
  7463 | Abyss:6  | Noticed a thrashing horror
  7463 | Abyss:6  | HP: 2/107 [balrug/bolt of fire (13)]
  7463 | Abyss:6  | Killed from afar by a balrug

Illustrated notes

Levels and vault maps discovered:
D:1:      minmay_arrival_semitransparent, layout_basic,
          hellmonk_ecumenical_altar_zigzags, nrook_campfire,
          minmay_misc_feat_plants, minmay_misc_feat_square
D:2:      layout_rooms, serial_glass, glass_columns_a, glass_columns_a,
          uniq_terence
D:3:      layout_loops_corners, uniq_jessica, uniq_grinder, uniq_natasha
D:4:      layout_cave_pools, grunt_temple_overflow_cloverleaf, uniq_robin
D:5:      layout_rooms, minmay_quadrilaterals, uniq_pikel, uniq_menkaure,
          uniq_edmund
D:6:      layout_cave_pods, temple_pool_b, grunt_ministairs_2, uniq_sigmund
D:7:      nicolae_BIG_FREAKIN_CUBE, layout_loops_ring,
          small_statue_intersection, st_stairs_11, grunt_ogre_cave
D:8:      layout_rooms, pdpol_temple_overflow_zin_treasury_gozag_greed,
          kennysheep_slug_shrine, trog_three_pillars_becter
D:9:      layout_irregular_city, serial_co_window_serial, co_window_corner_a,
          co_window_of_opportunity_a, co_window_paths_b, co_window_paths_a,
          co_window_paths_a, co_window_broadway_a, co_window_2corner,
          co_window_unsneaky_path_c, co_window_broadway_c, co_window_2corner,
          co_window_paths_e, co_window_paths_d, glass_columns_c,
          glass_columns_b, glass_columns_a, glass_columns_a
D:10:     layout_rooms, lightli_corner_chamber
D:11:     minmay_clustersquares, layout_basic, david_lair_shrubbed, orc_0_dummy,
          uniq_erica, uniq_sonja
Abyss:6:  base: D:6, nicolae_abyss_rune_star_stuff, minivault_23,
          guppyfry_abyss_exit_glass_guarded

Skill      XL: |  1  2  3  4  5  6  7  8  9 10 11 |
---------------+----------------------------------+-----
Throwing       | 2 3 4 5 6 7 |  7.6
Fighting       | 2 3 4 5 6 |  6.9
Dodging        | 3 4 5 6 7 |  7.1
Unarmed Combat | 4 5 6 8 9 10 12 | 12.6
Invocations    | 2 4 5 |  5.2
Ice Magic      | 1 2 |  2.0

Action                   |  1- 3 |  4- 6 |  7- 9 | 10-12 || total
-------------------------+-------+-------+-------+-------++-------
Melee: Unarmed           |    75 |   100 |   258 |   274 ||   707
       Punch             |       |     1 |    11 |    21 ||    33
Throw: Throwing net      |     1 |     3 |     1 |       ||     5
       Large rock        |     1 |       |       |     1 ||     2
       Dart              |       |       |       |    14 ||    14
       Javelin           |       |       |       |     4 ||     4
Invok: Renounce Religion |     1 |       |       |       ||     1
       Heroism           |       |       |       |     1 ||     1
  Use: Scroll            |     1 |     3 |    10 |    13 ||    27
       Potion            |       |       |     2 |    13 ||    15
 Stab: Held in net/web   |     1 |     1 |     2 |       ||     4
       Sleeping          |       |     2 |     1 |       ||     3
       Distracted        |       |     1 |       |       ||     1
       Invisible         |       |       |       |     1 ||     1
Armor: Robe              |    34 |    15 |    30 |       ||    79
       Skin              |       |       |     4 |    32 ||    36
       Fire dragon scale |       |       |    39 |    85 ||   124
       Pearl dragon scal |       |       |       |    88 ||    88
Dodge: Dodged            |    50 |    44 |   134 |   234 ||   462
